 Dungeon Crawl Stone Soup version 0.25-a0-667-gb977e01cb5 (webtiles) character file.

Game seed: 116804319957557497, levelgen mode: deterministic

17412 Error4North the Cleaver (level 12, -18/106 HPs)
             Began as a Hill Orc Fighter on Mar 27, 2020.
             Was a High Priest of Okawaru.
             Hit by a large rock thrown by a stone giant (21 damage)
             ... on level 2 of the Orcish Mines.
             The game lasted 00:45:52 (8845 turns).

Error4North the Cleaver (Hill Orc Fighter)          Turns: 8845, Time: 00:45:53

Health: -18/106    AC: 23    Str: 24    XL:     12   Next: 47%
Magic:  15/16      EV: 14    Int:  8    God:    Okawaru [*****.]
Gold:   850        SH: 18    Dex: 10    Spells: 11/11 levels left

rFire    + . .     SeeInvis .   G - +7 war axe of Discomfort {elec, *Corrode +Blink Stlth+}
rCold    + . .     Gourm    .   c - +0 kite shield
rNeg     + . .     Faith    .   M - +2 plate armour {rN+}
rPois    +         Spirit   .   q - +0 helmet
rElec    .         Reflect  +   v - scarf {rC+ rF+}
rCorr    .         Harm     .   e - +0 pair of gloves
MR       .....                  o - +0 pair of boots
Stlth    ..........             A - +4 amulet of reflection
HPRegen  0.27/turn              m - +4 ring of evasion
MPRegen  0.15/turn              p - ring of poison resistance

@: heroism
A: mutation resistance 1
a: Heroism, Finesse, Renounce Religion, Evoke Blink


You were on level 2 of the Orcish Mines.
You worshipped Okawaru.
Okawaru was extremely pleased with you.
You were not hungry.

You visited 3 branches of the dungeon, and saw 12 of its levels.

You collected 1079 gold pieces.
You spent 229 gold pieces at shops.

Inventory:

Hand Weapons
 x - a +3 flail
 G - the +7 war axe of Discomfort (weapon) {elec, *Corrode +Blink Stlth+}
   (You bought it in a shop on level 5 of the Dungeon)

   Occasionally, upon striking a foe, it will discharge some electrical energy
   and cause terrible harm.
   It lets you blink.
   It may corrode you when you take damage.
   It makes you more stealthy.
Missiles
 F - 5 boomerangs (quivered)
 J - a silver boomerang
Armour
 c - a +0 kite shield (worn)
 e - a +0 pair of gloves (worn)
 o - a +0 pair of boots (worn)
 q - a +0 helmet (worn)
 v - a scarf of resistance (worn)
 M - a +2 plate armour of positive energy (worn)
Jewellery
 m - a +4 ring of evasion (left hand)
 p - a ring of poison resistance (right hand)
 u - an uncursed ring of resist corrosion
 A - a +4 amulet of reflection (around neck)
 B - an uncursed ring of protection from fire
Wands
 b - a wand of polymorph (6)
 d - a wand of flame (20)
 k - a wand of digging (4)
 H - a wand of acid (8)
 L - a wand of random effects (19)
Scrolls
 g - a scroll of remove curse {unknown}
 h - a scroll of enchant armour {unknown}
 j - a scroll of enchant weapon {unknown}
 l - a scroll of magic mapping {unknown}
 r - 5 scrolls of identify
 s - 2 scrolls of noise {unknown}
 t - 2 scrolls of immolation {unknown}
 y - 2 scrolls of amnesia {unknown}
 z - 2 scrolls of teleportation {unknown}
 I - a scroll of blinking {unknown}
 N - a scroll of vulnerability {unknown}
 O - a scroll of holy word {unknown}
 P - a scroll of summoning {unknown}
Potions
 a - 2 potions of brilliance {unknown}
 i - a potion of degeneration {unknown}
 n - 4 potions of lignification {unknown}
 w - a potion of ambrosia
 E - a potion of might
 K - a potion of magic
Comestibles
 f - 15 rations


   Skills:
 * Level 9.8(14.8) Fighting
 + Level 12.5(17.9) Axes
 + Level 4.4(13.3) Maces & Flails
 + Level 3.0(8.0) Throwing
 * Level 9.9(14.9) Armour
 + Level 2.5(7.5) Dodging
 + Level 0.3(5.3) Stealth
 * Level 10.9(15.9) Shields
 + Level 6.5 Invocations
 + Level 4.7 Evocations


You had 11 spell levels left.
You didn't know any spells.
Your spell library contained the following spells:

 Spells                   Type           Power        Failure   Level  Hunger
 Summon Small Mammal      Summ           #...         98%         1    ##.....
 Call Imp                 Summ           #.......     99%         2    ###....
 Call Canine Familiar     Summ           #.......     100%        3    ####...
 Summon Guardian Golem    Hex/Summ       #.......     100%        3    ####...
 Summon Ice Beast         Ice/Summ       #.......     100%        4    #####..
 Summon Lightning Spire   Summ/Air       #.......     100%        4    #####..
 Irradiate                Conj/Tmut      #.........   100%        5    ######.
 Hydra Form               Tmut           #.........   100%        6    #######
 Statue Form              Tmut/Erth      #........    100%        6    #######
 Dragon Form              Tmut           #.........   100%        7    #######


Dungeon Overview and Level Annotations

Branches:
Dungeon (9/15)             Temple (1/1) D:6            Lair (0/6) D:9
    Orc (2/2) D:9             Elf (0/3) Orc:2

Altars:
Ashenzari
Cheibriados
Dithmenos
Elyvilon
Fedhas
Gozag
Hepliaklqana
Kikubaaqudgha
Makhleb
Nemelex Xobeh
Okawaru
Qazlal
Ru
Sif Muna
Trog
Uskayaw
Vehumet
Wu Jian
Xom
Yredelemnul
Zin
The Shining One

Shops:
D:5 (   D:7 (   D:8 (   Orc:2 [=(


Innate Abilities, Weirdness & Mutations

You are somewhat resistant to further mutation.


Message History

Okawaru accepts your kill.
Items here: )) †† a +0 giant club x2; an ogre corpse; a warg corpse A cyclops comes into view.
The ogre shouts!
The stone giant shouts!
Found Ugexkon's Antique Weapon Emporium.
A two-headed ogre comes into view.
It is wielding a +0 giant spiked club and a +0 giant club.
The two-headed ogre shouts in stereo!
You hear a shout!
You block the troll's attack. x3
Found Cawae's Armour Boutique.
You barely miss the troll.
The stone giant throws a large rock.
You reflect the large rock off an invisible shield around you!
The large rock hits the stone giant!
The troll bites you! You block the troll's attack. The troll claws you.
The stone giant throws a large rock.
The large rock hits you!!
* * * LOW HITPOINT WARNING * * *
Items here: ( )) †† a large rock; a +0 giant club x2; an ogre corpse; a warg corpse The stone giant throws a large rock.
The large rock hits you!!
You die...

.)...............# .....
..............#.##.#.... ....
............### # ..#.... #...
##...........#####........ #<..
.#......)......#............T.T..
...........................O.....
...............#.................
..#....##......).).........O.....
.#......#.....[)@).....∩.........
.....#.###.#.[$))(T.........h....
.....### ###).)).........(.......
.....# # #.....#O.........
.....##.###.....##.........
.........###.............∩.
#.#..##.###.......C...C....
.....# # ....#.#......(..# ....##
##.##...##...O....


You could see a stone giant, a cyclops, a troll and an ogre.

Vanquished Creatures
  Gastronok (D:8)
  Harold (D:7)
  6 two-headed ogres
  2 ogre magi (Orc:2)
  A deep troll (Orc:1)
  Pikel (D:6)
  An orc knight (Orc:1)
  3 trolls
  A hippogriff (D:8)
  A wyvern (D:8)
  5 yaks
  Grum (D:8)
  3 wargs
  A water moccasin (D:6)
  2 porcupines (D:9)
  4 phantoms
  2 sky beasts
  2 black bears (D:9)
  10 orc warriors
  13 ogres
  2 wolves (D:8)
  A slave (D:6)
  3 centaurs
  2 crocodiles (D:9)
  5 bullfrogs
  4 killer bees (D:9)
  6 scorpions
  2 howler monkeys (D:7)
  2 crimson imps
  A quasit (D:8)
  9 orc priests
  4 hounds
  5 jellies
  Crazy Yiuf (D:2)
  A centaur skeleton (D:4)
  3 iguanas
  17 orc wizards
  9 worker ants
  A killer bee zombie (D:7)
  A hound zombie (D:9)
  A hound skeleton (D:4)
  Robin (D:2)
  3 gnolls (D:3)
  7 adders
  2 adder skeletons
  2 worms (D:2)
  A dart slug (D:3)
  8 leopard geckos
  55 orcs
  A ball python (D:4)
  7 giant cockroaches
  9 hobgoblins
  6 jackals
  2 quokkas (D:3)
  5 bats
  A giant cockroach zombie (D:5)
  10 goblins (D:2)
  A jackal zombie (D:9)
  9 kobolds
  3 leopard gecko zombies
  2 rats
  6 fungi (D:9)
  2 plants (D:9)
284 creatures vanquished.

Vanquished Creatures (others)
  3 centaurs
  An orc wizard (D:3)
  7 fungi (D:9)
  2 plants (D:9)
13 creatures vanquished.

Grand Total: 297 creatures vanquished

Notes
Turn   | Place    | Note
-------+----------+-------------------------------------------
     0 | D:1      | Error4North the Hill Orc Fighter began the quest for the
                  | Orb.
     0 | D:1      | Reached XP level 1. HP: 19/19 MP: 1/1
   212 | D:1      | Reached XP level 2. HP: 24/26 MP: 2/2
  1000 | D:2      | Reached skill level 3 in Axes
  1000 | D:2      | Reached XP level 3. HP: 30/33 MP: 3/3
  1050 | D:2      | Noticed Robin
  1064 | D:2      | Killed Robin
  1065 | D:2      | Reached XP level 4. HP: 21/40 MP: 4/4
  1075 | D:2      | Found a bloodstained altar of Trog.
  1694 | D:2      | Found a runed translucent door.
  1695 | D:2      | Noticed Crazy Yiuf
  1702 | D:2      | Killed Crazy Yiuf
  1762 | D:3      | Reached skill level 4 in Axes
  1762 | D:3      | Reached XP level 5. HP: 45/46 MP: 5/5
  2282 | D:3      | Found a snail-covered altar of Cheibriados.
  2334 | D:3      | Found a stormy altar of Qazlal.
  2508 | D:4      | HP: 2/46 [adder (4)]
  2513 | D:3      | Gained mutation: You are somewhat resistant to further
                  | mutation. [potion of mutation]
  2528 | D:3      | Reached XP level 6. HP: 38/52 MP: 6/6
  2650 | D:4      | Reached skill level 1 in Dodging
  2689 | D:4      | Reached skill level 5 in Shields
  3049 | D:4      | Noticed a phantom
  3301 | D:4      | Found a glowing golden altar of the Shining One.
  3301 | D:4      | Found a glowing silver altar of Zin.
  3302 | D:4      | Found a white marble altar of Elyvilon.
  3382 | D:4      | Reached skill level 5 in Axes
  3393 | D:4      | Reached skill level 5 in Armour
  3575 | D:4      | Reached skill level 1 in Maces & Flails
  3575 | D:4      | Reached XP level 7. HP: 60/60 MP: 7/7
  3692 | D:5      | Entered Level 5 of the Dungeon
  3880 | D:5      | Found Bolemat's Antique Weapon Shop.
  3886 | D:5      | Bought a warped war axe for 229 gold pieces
  3886 | D:5      | Identified the +7 war axe of Discomfort {elec, *Corrode
                  | +Blink Stlth+} (You bought it in a shop on level 5 of the
                  | Dungeon)
  3963 | D:5      | Reached XP level 8. HP: 65/67 MP: 8/8
  3977 | D:5      | Found a bloodstained altar of Trog.
  3978 | D:5      | Found a sacrificial altar of Ru.
  4356 | D:5      | Found an ornate altar of the Wu Jian Council.
  4591 | D:6      | Found an ancient bone altar of Kikubaaqudgha.
  4609 | D:6      | Noticed Pikel
  4610 | D:6      | Reached skill level 5 in Fighting
  4670 | D:5      | Reached skill level 6 in Axes
  4855 | D:6      | Reached skill level 7 in Axes
  4855 | D:6      | Reached XP level 9. HP: 65/74 MP: 9/9
  4901 | D:6      | Killed Pikel
  4901 | D:6      | Reached skill level 1 in Evocations
  4920 | D:6      | Found a staircase to the Ecumenical Temple.
  4930 | Temple   | Entered the Ecumenical Temple
  5250 | D:6      | Reached skill level 8 in Axes
  5263 | D:6      | Found an iron altar of Okawaru.
  5285 | D:6      | Found a burning altar of Makhleb.
  5287 | D:6      | Found a shimmering blue altar of Sif Muna.
  5322 | D:6      | Became a worshipper of Warmaster Okawaru
  5638 | D:7      | Found Deisuy's Weapon Emporium.
  5674 | D:7      | Noticed Harold
  5951 | D:7      | Killed Harold
  5951 | D:7      | Reached * piety under Okawaru
  5951 | D:7      | Reached skill level 9 in Axes
  5951 | D:7      | Reached XP level 10. HP: 49/84 MP: 10/12
  6200 | D:8      | Found Hyhiduag's Weapon Shop.
  6264 | D:8      | Noticed Grum
  6266 | D:8      | Reached ** piety under Okawaru
  6273 | D:8      | Killed Grum
  6333 | D:8      | Noticed Gastronok
  6847 | D:8      | Killed Gastronok
  6847 | D:8      | Reached *** piety under Okawaru
  6847 | D:8      | Reached skill level 10 in Axes
  6847 | D:8      | Reached skill level 1 in Throwing
  6847 | D:8      | Reached XP level 11. HP: 26/92 MP: 12/14
  7261 | D:9      | Noticed a two-headed ogre
  7294 | D:9      | Found a staircase to the Lair.
  7417 | D:9      | Reached **** piety under Okawaru
  7455 | D:9      | Found a blossoming altar of Fedhas.
  7528 | D:9      | Killed a two-headed ogre
  7532 | D:9      | Reached skill level 5 in Invocations
  7768 | D:9      | Reached skill level 11 in Axes
  7844 | D:9      | Found a staircase to the Orcish Mines.
  7860 | D:9      | Reached ***** piety under Okawaru
  7909 | Orc:1    | Entered Level 1 of the Orcish Mines
  7966 | Orc:1    | Reached skill level 10 in Shields
  8292 | Orc:2    | Entered Level 2 of the Orcish Mines
  8292 | Orc:2    | Found Seicehui's Jewellery Shop.
  8292 | Orc:2    | Noticed a deep troll
  8292 | Orc:2    | Noticed a stone giant
  8294 | Orc:2    | Noticed a two-headed ogre
  8296 | Orc:2    | Noticed a two-headed ogre
  8297 | Orc:2    | Noticed a two-headed ogre
  8306 | Orc:1    | Killed a deep troll
  8527 | Orc:2    | Noticed an orc knight
  8529 | Orc:2    | Found a staircase to the Elven Halls.
  8548 | Orc:1    | Killed an orc knight
  8587 | Orc:2    | Noticed an ogre mage
  8623 | Orc:2    | Killed an ogre mage
  8753 | Orc:2    | Killed a two-headed ogre
  8758 | Orc:2    | Noticed a two-headed ogre
  8759 | Orc:2    | Noticed a two-headed ogre
  8783 | Orc:2    | Killed a two-headed ogre
  8783 | Orc:2    | Reached XP level 12. HP: 91/104 MP: 10/16
  8785 | Orc:2    | Killed a two-headed ogre
  8785 | Orc:2    | Reached skill level 12 in Axes
  8797 | Orc:2    | Noticed an ogre mage
  8808 | Orc:2    | Received a gift from Okawaru
  8810 | Orc:2    | Killed an ogre mage
  8823 | Orc:2    | Noticed a two-headed ogre
  8836 | Orc:2    | Killed a two-headed ogre
  8837 | Orc:2    | Killed a two-headed ogre
  8840 | Orc:2    | Found Ugexkon's Antique Weapon Emporium.
  8841 | Orc:2    | Found Cawae's Armour Boutique.
  8841 | Orc:2    | Noticed a two-headed ogre
  8844 | Orc:2    | HP: 3/106 [stone giant/large rock (32)]
  8845 | Orc:2    | Hit by a large rock thrown by a stone giant

Levels and vault maps discovered:
D:1:      minmay_arrival_three_doors, layout_basic
D:2:      layout_loops_ring, hangedman_decor_peaks_small, st_stairs_11,
          trog_three_pillars_becter, uniq_robin, uniq_crazy_yiuf_cottage
D:3:      layout_rooms, lemuel_round_altar, grunt_qazlal_clouds, first_ration
D:4:      layout_basic, good_gods_temple_1
D:5:      layout_loops_ring, kennysheep_little_box,
          gammafunk_temple_overflow_pools, serial_shops, shop,
          roderic_lattice_a, serial_bayou_pond_e, grunt_ministairs_8
D:6:      layout_basic, lemuel_crystal_altar, nicolae_overflow_hidden_temple,
          minmay_temple_entry_proselytizer, uniq_pikel
D:7:      layout_cave_pools, serial_shops, shop_coins, uniq_harold
D:8:      layout_cave_pools, serial_shops, shop, uniq_grum, uniq_gastronok
D:9:      layout_cross, old_standard_altar, due_lair_maze_entry_diamond,
          minmay_orc_entry_guard_dogs
Temple:   jpeg_temple_island
Orc:1:    layout_caves, uniq_erolcha
Orc:2:    st_orc_open, layout_caves, basic_altar

Skill      XL: |  1  2  3  4  5  6  7  8  9 10 11 12 |
---------------+-------------------------------------+-----
Axes           | 3 4 5 7 9 10 11 12 | 12.5
Shields        | 4 5 6 7 8 9 10 | 10.9
Armour         | 4 5 6 7 8 9 |  9.9
Fighting       | 4 5 6 7 9 |  9.8
Dodging        | 1 2 |  2.5
Maces & Flails | 1 3 4 |  4.4
Evocations     | 2 4 |  4.7
Invocations    | 2 4 5 6 |  6.5
Throwing       | 1 2 3 |  3.0
Stealth        | |  0.3

Action                   |  1- 3 |  4- 6 |  7- 9 | 10-12 || total
-------------------------+-------+-------+-------+-------++-------
Melee: War axe           |    58 |   246 |   136 |   258 ||   698
       Flail             |       |    38 |    72 |       ||   110
Throw: Boomerang         |       |       |     3 |    44 ||    47
Invok: Heroism           |       |       |       |     4 ||     4
       Finesse           |       |       |       |     2 ||     2
Evoke: Wand              |       |       |     1 |       ||     1
  Use: Potion            |     1 |     7 |       |     4 ||    12
       Scroll            |       |       |     5 |       ||     5
  Eat: Chunk             |       |     6 |     5 |     6 ||    17
       Ration            |       |     1 |     1 |     1 ||     3
Armor: Scale mail        |    41 |   116 |    52 |       ||   209
       Plate armour      |       |       |     8 |   105 ||   113
Dodge: Dodged            |    29 |   114 |    75 |    97 ||   315
Block: Kite shield       |    43 |   193 |   143 |   224 ||   603
       Reflection        |       |     6 |    14 |     6 ||    26

Table legend:
 A = Non-vault XP
 B = Vault XP
 C = Vault XP percentage of total XP
 D = Non-vault monster count
 E = Vault monster count
 F = Vault count percentage of total count
                 A         B        C        D         E       F
            +---------+---------+-------+---------+---------+-------
      Total |   10349 |   14526 |  58.4 |     224 |      55 |  19.7
            +---------+---------+-------+---------+---------+-------
        D:1 |      18 |       0 |   0.0 |      10 |       0 |   0.0
        D:2 |      59 |      87 |  59.6 |      17 |      17 |  50.0
        D:3 |     159 |       0 |   0.0 |      26 |       0 |   0.0
        D:4 |     461 |       0 |   0.0 |      23 |       0 |   0.0
        D:5 |     828 |      34 |   3.9 |      22 |       1 |   4.3
        D:6 |    1339 |     703 |  34.4 |      30 |       2 |   6.2
        D:7 |     878 |    1007 |  53.4 |      11 |       1 |   8.3
        D:8 |    1653 |    2560 |  60.8 |      20 |       4 |  16.7
        D:9 |    2197 |    1228 |  35.9 |      27 |      10 |  27.0
      Orc:1 |    2089 |     713 |  25.4 |      27 |       1 |   3.6
      Orc:2 |     668 |    8194 |  92.5 |      11 |      19 |  63.3
            +---------+---------+-------+---------+---------+-------
